 Dungeon Crawl Stone Soup version 0.29.0-15-g675c0067aa (webtiles) character file.

Game seed: 13639871667461339058

1536 AlmostDecent the Digger (level 8, -5/60 HPs)
             Began as a Gnoll Earth Elementalist on Sept 12, 2022.
             Killed from afar by a steam dragon (19 damage)
             ... with a ball of steam
             ... on level 6 of the Dungeon.
             The game lasted 00:12:48 (4951 turns).

AlmostDecent the Digger (Gnoll Earth Elementalist)  Turns: 4951, Time: 00:12:48

Health: -5/60      AC:  5    Str: 21    XL:     8   Next: 86%
Magic:  8/17       EV: 14    Int: 16    God:
Gold:   393        SH:  0    Dex: 12    Spells: 15/19 levels left

rFire   . . .      SeeInvis .     - Unarmed
rCold   . . .      Faith    .   (no shield)
rNeg    . . .      Spirit   .   a - +0 robe
rPois   .          Reflect  .   (no helmet)
rElec   .          Harm     .   (no cloak)
rCorr   .          Rampage  .   c - +2 pair of gloves
Will    .....                   (no boots)
Stlth   +++.......              E - amulet of regeneration
HPRegen 1.00/turn               p - +6 ring of strength
MPRegen 0.15/turn               s - +6 ring of strength

@: no status effects
A: fangs 1, strong nose, distributed training
a: no special abilities


You were on level 6 of the Dungeon.
You visited 2 branches of the dungeon, and saw 7 of its levels.

You collected 393 gold pieces.

Inventory:

Hand Weapons
 y - a +2 war axe of flaming
 B - a +2 morningstar of venom
Armour
 a - a +0 robe (worn)
 c - a +2 pair of gloves (worn)
Jewellery
 d - an amulet of the acrobat
 p - a +6 ring of strength (left hand)
 s - a +6 ring of strength (right hand)
 z - a ring of resist corrosion
 E - an amulet of regeneration (around neck)
Wands
 C - a wand of mindburst (9)
Scrolls
 e - a scroll of silence {unknown}
 f - 4 scrolls of vulnerability
 g - 3 scrolls of immolation
 h - 2 scrolls of amnesia
 i - a scroll of fear {unknown}
 n - 4 scrolls of noise
 t - 2 scrolls of teleportation
 v - a scroll of poison {unknown}
 w - a scroll of enchant armour {unknown}
 x - 2 scrolls of fog
 A - a scroll of enchant weapon {unknown}
Potions
 b - a potion of magic
 j - 2 potions of heal wounds
 k - 2 potions of attraction
 l - 3 potions of might
 m - 2 potions of invisibility
 o - a potion of cancellation {unknown}
 q - a potion of ambrosia {unknown}
 r - a potion of lignification {unknown}
 u - a potion of curing {unknown}
 D - a potion of haste {unknown}


   Skills:
 + Level 3.8 Fighting
 + Level 3.8 Short Blades
 + Level 3.8 Long Blades
 + Level 3.8 Axes
 + Level 3.8 Maces & Flails
 + Level 3.8 Polearms
 + Level 3.8 Staves
 + Level 3.8 Ranged Weapons
 + Level 3.8 Throwing
 + Level 3.8 Armour
 + Level 6.0 Dodging
 + Level 5.7 Stealth
 + Level 3.8 Shields
 + Level 3.8 Unarmed Combat
 + Level 6.3 Spellcasting
 + Level 3.1 Conjurations
 + Level 3.1 Hexes
 + Level 3.1 Summonings
 + Level 3.1 Necromancy
 + Level 3.1 Translocations
 + Level 3.8 Transmutations
 + Level 3.1 Fire Magic
 + Level 3.1 Ice Magic
 + Level 3.1 Air Magic
 + Level 6.3 Earth Magic
 + Level 3.1 Poison Magic
 + Level 4.1 Invocations
 + Level 3.8 Evocations


You had 15 spell levels left.
You knew the following spells:

 Your Spells              Type           Power      Damage    Failure   Level
a - Sandblast             Erth           50%        2d12      1%          1
b - Stone Arrow           Conj/Erth      40%        3d9       5%          3

Your spell library contained the following spells:

 Spells                   Type           Power      Damage    Failure   Level
 Passwall                 Tmut/Erth      17%        N/A       2%          2
 Magic Dart               Conj           60%        1d6       3%          1
 Wereblood                Tmut           17%        N/A       4%          2
 Call Imp                 Summ           15%        N/A       5%          2
 Sublimation of Blood     Necr           15%        N/A       5%          2
 Mephitic Cloud           Conj/Pois/Air  15%        N/A       11%         3
 Petrify                  Tmut/Erth      21%        N/A       16%         4
 Irradiate                Conj/Tmut      8%         3d14      65%         5
 Summon Hydra             Summ           7%         N/A       100%        7


Dungeon Overview and Level Annotations

Branches:
Dungeon (6/15)             Temple (1/1) D:6

Altars:
Dithmenos
Fedhas
Hepliaklqana
Kikubaaqudgha
Makhleb
Nemelex Xobeh
Okawaru
Ru
Sif Muna
Trog
Uskayaw
Wu Jian
Xom
Yredelemnul
Zin
The Shining One


Innate Abilities, Weirdness & Mutations

You have very sharp teeth.
Your uncanny sense of smell can sniff out nearby items.
Your experience applies equally to all skills.


Message History

You hit Menkaure but do no damage.
Menkaure is heavily damaged.
An ice beast comes into view.
Menkaure calls on the powers of darkness!
Your body is wracked with pain!
* * * LOW HITPOINT WARNING * * *
The steam dragon convulses!
The ice beast convulses!
Attack: -) Nothing wielded
Press: ? - help, Dir - move target, f/p - Menkaure
Aim: Menkaure (heavily damaged, fast, about 26% to evade your hands)
You hit Menkaure.
Menkaure is heavily damaged.
Menkaure hits you.
* * * LOW HITPOINT WARNING * * *
You feel much better. Menkaure misses you.
The steam dragon breathes steam at you. The ball of steam misses you.
Menkaure misses you.
Casting: Sandblast (safe; 1% risk of failure)
Confirm with . or Enter, or press ? or * to list all spells.
Aiming: Stone Arrow (dangerous; 6% risk of failure)
Press: ? - help, Shift-Dir - straight line, f/p - Menkaure
Aim: Menkaure (heavily damaged, fast, 85% to hit)
The stone arrow hits Menkaure!
You destroy Menkaure!
You are engulfed in a cloud of scalding steam.
The steam dragon bites you but does no damage.
The steam dragon misses you.
Your Dodging skill increases to level 6!
Casting: Stone Arrow (dangerous; 5% risk of failure)
Confirm with . or Enter, or press ? or * to list all spells.
Aiming: Stone Arrow (dangerous; 5% risk of failure)
Press: ? - help, Shift-Dir - straight line, f - ice beast
Aim: an ice beast (severely wounded, 71% to hit)
The stone arrow hits the ice beast!!
You kill the ice beast!
You are engulfed in a cloud of scalding steam.
* * * LOW HITPOINT WARNING * * *
The steam dragon breathes steam at you. The ball of steam hits you!!
You die...

##....##...
#..#######. ####.## #.
#....# #. . #.#### #.
... ###.# #. ♣...♣
##§..# #.
......##§§..# #.
#.....@....# #.
#....D.....# ##. ....
............# #.. ....
............... #.. ##
... .?###.#..####... ∆
#.. .# #.# #
....##.##..>## #..
.#####.###.#### #....#
# ##.. ....##....^
##..# #...
....##..#########..###
#.#


You could see a steam dragon (catching breath).

Vanquished Creatures
  Menkaure (D:6)
  A water moccasin (D:5)
  A black bear (D:5)
  3 ogres
  2 ice beasts
  2 phantoms
  2 necrophages
  2 scorpions (D:4)
  A bullfrog (D:6)
  A howler monkey (D:5)
  2 hounds
  2 jellies
  An iguana (D:5)
  An orc wizard (D:4)
  9 adders
  A shadow imp (D:6)
  A white imp (D:6)
  An ufetubus (D:6)
  A worm (D:3)
  21 orcs
  7 bats
  4 endoplasms
  2 giant cockroaches
  6 goblins
  8 hobgoblins
  3 jackals (D:1)
  4 quokkas
  7 ball pythons
  6 frilled lizards
  7 kobolds
  4 rats
114 creatures vanquished.

Vanquished Creatures (others)
  7 plants
7 creatures vanquished.

Grand Total: 121 creatures vanquished

Notes
Turn   | Place    | Note
-------+----------+-------------------------------------------
     0 | D:1      | AlmostDecent the Gnoll Earth Elementalist began the quest
                  | for the Orb.
     0 | D:1      | Reached XP level 1. HP: 13/13 MP: 6/6
   127 | D:1      | Reached XP level 2. HP: 19/19 MP: 4/7
   789 | D:1      | Reached skill level 5 in Spellcasting
   789 | D:1      | Reached XP level 3. HP: 25/25 MP: 6/9
  1052 | D:2      | Reached skill level 1 in Invocations
  1213 | D:2      | Reached skill level 1 in Fighting
  1213 | D:2      | Reached skill level 1 in Short Blades
  1213 | D:2      | Reached skill level 1 in Long Blades
  1213 | D:2      | Reached skill level 1 in Axes
  1213 | D:2      | Reached skill level 1 in Maces & Flails
  1213 | D:2      | Reached skill level 1 in Polearms
  1213 | D:2      | Reached skill level 1 in Staves
  1213 | D:2      | Reached skill level 1 in Ranged Weapons
  1213 | D:2      | Reached skill level 1 in Throwing
  1213 | D:2      | Reached skill level 1 in Armour
  1213 | D:2      | Reached skill level 1 in Shields
  1213 | D:2      | Reached skill level 1 in Unarmed Combat
  1213 | D:2      | Reached skill level 1 in Evocations
  1313 | D:2      | Reached XP level 4. HP: 32/32 MP: 9/11
  1419 | D:2      | Reached skill level 1 in Conjurations
  1419 | D:2      | Reached skill level 1 in Hexes
  1419 | D:2      | Reached skill level 1 in Summonings
  1419 | D:2      | Reached skill level 1 in Necromancy
  1419 | D:2      | Reached skill level 1 in Translocations
  1419 | D:2      | Reached skill level 1 in Fire Magic
  1419 | D:2      | Reached skill level 1 in Ice Magic
  1419 | D:2      | Reached skill level 1 in Air Magic
  1419 | D:2      | Reached skill level 1 in Poison Magic
  2047 | D:3      | Found a faded altar of an unknown god.
  2069 | D:3      | Reached XP level 5. HP: 37/37 MP: 9/12
  2146 | D:3      | Found a hide-covered altar of Uskayaw.
  2756 | D:4      | Reached XP level 6. HP: 44/44 MP: 10/13
  2760 | D:4      | Reached skill level 5 in Dodging
  2950 | D:4      | Reached XP level 7. HP: 50/50 MP: 11/15
  3209 | D:4      | Learned a level 3 spell: Stone Arrow
  3254 | D:5      | Entered Level 5 of the Dungeon
  3458 | D:5      | Reached skill level 5 in Stealth
  3498 | D:5      | Reached XP level 8. HP: 32/58 MP: 7/16
  3752 | D:5      | Found a basalt altar of Yredelemnul.
  4450 | D:6      | Found a staircase to the Ecumenical Temple.
  4481 | Temple   | Entered the Ecumenical Temple
  4940 | D:6      | Noticed Menkaure
  4950 | D:6      | Killed Menkaure
  4951 | D:6      | Killed from afar by a steam dragon

Illustrated notes

Levels and vault maps discovered:
D:1:      lemuel_arrival_broad_hall, layout_loops_ring, due_unseen_surprise
D:2:      cheibrodos_old_hovel, layout_loops_ring
D:3:      layout_loops_ring, nicolae_uskayaw_suspiria,
          hellmonk_ecumenical_altar_slurped_away, serial_bayou_lagoon_a
D:4:      layout_rooms, kennysheep_minor_cross, st_stairs_6
D:5:      layout_basic, mainiacjoe_overflow_six_doors_small
D:6:      layout_rooms, minmay_temple_entry_arrows, grunt_ministairs_10,
          hangedman_decor_riveting, uniq_menkaure
Temple:   nicolae_temple_ecumenical_triangle

Skill      XL: |  1  2  3  4  5  6  7  8 |
---------------+-------------------------+-----
Transmutations | 2 3 |  3.8
Spellcasting   | 5 6 |  6.3
Invocations    | 1 2 3 4 |  4.1
Fighting       | 1 2 3 |  3.8
Short Blades   | 1 2 3 |  3.8
Long Blades    | 1 2 3 |  3.8
Axes           | 1 2 3 |  3.8
Maces & Flails | 1 2 3 |  3.8
Polearms       | 1 2 3 |  3.8
Staves         | 1 2 3 |  3.8
Ranged Weapons | 1 2 3 |  3.8
Throwing       | 1 2 3 |  3.8
Armour         | 1 2 3 |  3.8
Shields        | 1 2 3 |  3.8
Unarmed Combat | 1 2 3 |  3.8
Evocations     | 1 2 3 |  3.8
Conjurations   | 1 2 3 |  3.1
Hexes          | 1 2 3 |  3.1
Summonings     | 1 2 3 |  3.1
Necromancy     | 1 2 3 |  3.1
Translocations | 1 2 3 |  3.1
Fire Magic     | 1 2 3 |  3.1
Ice Magic      | 1 2 3 |  3.1
Air Magic      | 1 2 3 |  3.1
Poison Magic   | 1 2 3 |  3.1
Dodging        | 5 6 |  6.0
Stealth        | 5 |  5.7
Earth Magic    | 6 |  6.3

Action                   |  1- 3 |  4- 6 |  7- 9 || total
-------------------------+-------+-------+-------++-------
Melee: Unarmed           |       |     6 |     5 ||    11
 Cast: Sandblast         |    43 |    60 |    77 ||   180
       Stone Arrow       |       |       |     2 ||     2
  Use: Scroll            |       |       |    10 ||    10
       Potion            |       |       |     1 ||     1
Armor: Robe              |     5 |     3 |    24 ||    32
Dodge: Dodged            |     8 |    26 |    69 ||   103
